 Dungeon Crawl Stone Soup version 0.30.0-30-g96aa6591b8 (webtiles) character file.

Game seed: 13734100984081896011

274 Fodor the Covered (level 6, -3/53 HPs)
             Began as a Minotaur Fighter on June 26, 2023.
             Killed by divine providence
             ... invoked by an orc priest
              (14 damage)
             ... on level 4 of the Dungeon on June 27, 2023.
             The game lasted 00:18:32 (2826 turns).

Fodor the Covered (Minotaur Fighter)                Turns: 2826, Time: 00:18:33

Health: -3/53      AC: 11    Str: 22    XL:     6   Next: 3%
Magic:  5/5        EV: 10    Int:  5    God:
Gold:   84         SH:  9    Dex: 10    Spells: 5/5 levels left

rFire   . . .        i - +2 hand axe (freeze)
rCold   . . .        c - +0 buckler
rNeg    . . .        j - +0 ring mail of Miracles {Rampage rElec Slay+2}
rPois   .            (helmet restricted)
rElec   +            (no cloak)
rCorr   .            (no gloves)
SInv    .            r - +0 pair of boots
Will    .....        f - amulet of reflection
Stlth   +            q - +4 ring of protection
HPRegen 0.28/turn    (no ring)
MPRegen 0.09/turn

%: reflection, rampage
@: no status effects
A: horns 2, retaliatory headbutt
a: no special abilities


You were on level 4 of the Dungeon.
You visited 1 branch of the dungeon, and saw 4 of its levels.

You collected 168 gold pieces.
You spent 84 gold pieces at shops.

Inventory:

Hand Weapons
 i - a +2 hand axe of freezing (weapon)
Armour
 b - a +0 scale mail
 c - a +0 buckler (worn)
 j - the +0 ring mail of Miracles (worn) {Rampage rElec Slay+2}
   (You found it on level 2 of the Dungeon)

   Slay:      It affects your accuracy & damage with ranged weapons and melee
   (+2).
   rElec:     It insulates you from electricity.
   Rampage:   It bestows one free step when moving towards enemies.
 r - a +0 pair of boots (worn)
Jewellery
 f - an amulet of reflection (around neck)
 l - a ring of protection from cold
 q - a +4 ring of protection (left hand)
Scrolls
 a - 2 scrolls of fog
 g - 3 scrolls of teleportation
 h - a scroll of amnesia
 m - a scroll of enchant weapon
 o - 2 scrolls of torment {unknown}
 s - a scroll of enchant armour {unknown}
Potions
 d - a potion of might
 e - 2 potions of curing
 k - 2 potions of lignification {unknown}
 n - a potion of invisibility {unknown}
 p - a potion of flight {unknown}
 t - a potion of resistance {unknown}


   Skills:
 + Level 4.6 Fighting
 + Level 3.2 Long Blades
 + Level 3.4 Axes
 + Level 4.9 Armour
 + Level 1.4 Dodging
 + Level 0.2 Stealth
 + Level 4.7 Shields


You had 5 spell levels left.
You didn't know any spells.
Your spell library was empty.

Dungeon Overview and Level Annotations

Branches:
Dungeon (4/15)
 Temple: D:4-7

Altars:
Nemelex Xobeh
Xom

Shops:
D:2 ?   D:3 !


Innate Abilities, Weirdness & Mutations

You have a pair of horns on your head.
You reflexively headbutt those who attack you in melee.


Message History

You block the orc wizard's attack. You block the orc priest's attack.
A kobold comes into view.
It is wielding a +0 club and quivering poisoned darts.
You closely miss the orc wizard.
The kobold shouts!
You hit the orc priest. You freeze the orc priest.
The orc wizard points at you and mumbles some strange words.
The magic dart hits you.
The orc priest mumbles some strange prayers to Beogh against you.
Pain shoots through your body!
* * * LOW HITPOINT WARNING * * *
The orc priest miscasts a cantrip.
The orc wizard hits you with a +0 dagger.
* * * LOW HITPOINT WARNING * * *
The orc wizard attacks as you move away!
You block the orc wizard's attack. The ball python barely misses you.
You block the ball python's attack. The orc priest barely misses you.
The orc priest attacks as you move away!
The orc priest closely misses you.
The ball python attacks as you move away!
The ball python barely misses you.
The orc priest attacks as you move away!
The orc priest hits you but does no damage.
The ball python attacks as you move away!
The ball python bites you.
* * * LOW HITPOINT WARNING * * *
The ball python barely misses you.
The orc priest attacks as you move away!
The orc priest hits you but does no damage.
The ball python attacks as you move away!
The ball python closely misses you. You block the ball python's attack.
The ball python barely misses you. You furiously retaliate!
You headbutt the ball python!
You kill the ball python!
The orc priest hits you but does no damage.
There is a stone staircase leading up here.
The orc wizard casts a spell at you. You resist with some effort.
The orc priest barely misses you.
The orc priest invokes the aid of Beogh against you.
Beogh smites you!
You die...

..........†.).##....
..........#.....#
...#.....#.....# .# . ..
###K#.#.....## .# .. ....
#...##.....# . #. #..#
#.o###.....# . #.##..#
#.o........# # #....#
#oo##......# #
##...#####.@##......#
######......##...###.....#
.....#...........# #######
####...........###
###.......### #......##
#......# ########


You could see 2 orc priests, an orc wizard, an orc and a kobold.

Vanquished Creatures
  A scorpion (D:4)
  Crazy Yiuf (D:2)
  Jessica (D:3)
  Robin (D:2)
  6 adders
  2 worms
  A dart slug (D:1)
  An orc (D:3)
  10 ball pythons
  An endoplasm (D:1)
  2 giant cockroaches
  15 goblins
  16 hobgoblins
  8 kobolds
  A quokka (D:3)
  9 bats
  9 rats
85 creatures vanquished.

Notes
Turn   | Place    | Note
-------+----------+-------------------------------------------
     0 | D:1      | Fodor the Minotaur Fighter began the quest for the Orb.
     0 | D:1      | Reached XP level 1. HP: 19/19 MP: 0/0
    98 | D:1      | Reached XP level 2. HP: 26/27 MP: 1/1
   351 | D:1      | Reached XP level 3. HP: 32/33 MP: 2/2
   862 | D:2      | Identified the +0 ring mail of Miracles {Rampage rElec
                  | Slay+2}
   922 | D:2      | Noticed Robin
   940 | D:2      | Killed Robin
   941 | D:2      | Reached skill level 1 in Axes
   941 | D:2      | Reached XP level 4. HP: 18/40 MP: 3/3
   968 | D:2      | Reached skill level 1 in Dodging
  1211 | D:2      | Found Picw's Magic Scroll Boutique.
  1219 | D:2      | Bought a scroll of identify for 24 gold pieces
  1219 | D:2      | Bought a scroll of identify for 24 gold pieces
  1219 | D:2      | Bought a scroll of teleportation for 36 gold pieces
  1761 | D:2      | Found a runed translucent door.
  1763 | D:2      | Noticed Crazy Yiuf
  1768 | D:2      | Killed Crazy Yiuf
  1975 | D:3      | Found Alowidwu's Distillery.
  1976 | D:3      | Noticed Jessica
  1981 | D:3      | Killed Jessica
  1982 | D:3      | Reached XP level 5. HP: 40/47 MP: 4/4
  2086 | D:3      | Found a shimmering altar of Xom.
  2161 | D:3      | Found a faded altar of an unknown god.
  2161 | D:3      | Noticed a hellion
  2491 | D:3      | Found a sparkling altar of Nemelex Xobeh.
  2803 | D:4      | Reached XP level 6. HP: 53/53 MP: 5/5
  2812 | D:4      | HP: 1/53 [orc priest/divine providence (15)]
  2826 | D:4      | Killed from afar by an orc priest

Illustrated notes

Levels and vault maps discovered:
D:1:      grunt_arrival_crossed_arrows, layout_basic, grunt_decor_one_mirror,
          chequers_serial_rivers_micro_e, minmay_close_crescents
D:2:      layout_loops_corners, serial_shops, nicolae_shop_trees, st_stairs_9,
          uniq_robin, uniq_crazy_yiuf_cottage
D:3:      layout_loops_cross, mainiacjoe_overflow_surrounded_room,
          mainiacjoe_overflow_concentric_impassable, serial_shops, shop,
          dreamdust_ecumenical_altar_sealed_demon, uniq_jessica
D:4:      layout_rooms, pf_guarded_unrand_delatra

Skill      XL: |  1  2  3  4  5 |
---------------+----------------+-----
Shields        | 4 |  4.7
Armour         | 4 |  4.9
Fighting       | 4 |  4.6
Long Blades    | 3 |  3.2
Axes           | 1 2 3 |  3.4
Dodging        | 1 |  1.4
Stealth        | |  0.2

Action                     |  1- 3 |  4- 6 || total
---------------------------+-------+-------++-------
  Melee: Long sword        |    49 |       ||    49
         Headbutt          |    11 |     8 ||    19
         Hand axe          |    31 |    59 ||    90
    Use: Scroll            |       |     4 ||     4
         Potion            |       |     3 ||     3
 Armour: Scale mail        |    29 |       ||    29
         Ring mail         |     6 |    20 ||    26
  Dodge: Dodged            |    47 |    22 ||    69
  Block: Buckler           |    42 |    32 ||    74
         Reflection        |     1 |     2 ||     3
